 Dungeon Crawl Stone Soup version 0.24-a0-290-gbb66a672fa (console) character file.

Game seed: 14579423005037601319

114 Abuh the Vandal (level 5, 0/34 HPs)
             Began as a Halfling Hunter on May 8, 2019.
             Killed by nerve-wracking pain
             ... invoked by Grinder
              (12 damage)
             ... on level 3 of the Dungeon.
             The game lasted 00:06:37 (2129 turns).

Abuh the Vandal (Halfling Hunter)                   Turns: 2129, Time: 00:06:37

Health: 0/34       AC:  3    Str: 13    XL:     5   Next: 18%
Magic:  0/5        EV: 14    Int:  9    God:
Gold:   142        SH:  0    Dex: 16    Spells: 4/4 levels left

rFire    . . .     SeeInvis .   a - +1 hunting sling
rCold    . . .     Gourm    .   (shield restricted)
rNeg     . . .     Faith    .   c - +0 leather armour
rPois    .         Spirit   +   (no helmet)
rElec    .         Reflect  .   (no cloak)
rCorr    .         Harm     .   (no gloves)
MR       .....                  (no boots)
Stlth    +++.......             p - amulet of guardian spirit
HPRegen  0.11/turn              (no ring)
MPRegen  0.09/turn              (no ring)

@: no status effects
A: small, mutation resistance 1
a: no special abilities


You were on level 3 of the Dungeon.
You were not hungry.

You visited 1 branch of the dungeon, and saw 3 of its levels.

You collected 142 gold pieces.

Inventory:

Hand Weapons
 a - a +1 hunting sling (weapon)
 b - a +0 short sword
Missiles
 d - 2 sling bullets (quivered)
 e - 78 stones
Armour
 c - a +0 leather armour (worn)
 l - a cursed -2 ring mail
Jewellery
 p - an amulet of guardian spirit (around neck)
Scrolls
 i - 2 scrolls of teleportation
 n - 5 scrolls of identify
Potions
 g - a potion of invisibility {unknown}
 h - a potion of experience {unknown}
 j - 2 potions of berserk rage {unknown}
 k - 3 potions of curing {unknown}
 o - 2 potions of degeneration {unknown}
Comestibles
 f - 6 rations
 m - 2 chunks of flesh


   Skills:
 - Level 1.7 Fighting
 + Level 6.9 Slings
 - Level 2.1 Dodging
 * Level 4.5 Stealth


You had 4 spell levels left.
You didn't know any spells.
Your spell library was empty.

Dungeon Overview and Level Annotations

Branches:
Dungeon (3/15)

Altars:
Nemelex Xobeh

Annotations:
D:3 Grinder


Innate Abilities, Weirdness & Mutations

You are small and have problems with some larger weapons.
You are somewhat resistant to further mutation.


Message History

Things that are here:
2 sling bullets; a cursed -1 flail; an orc corpse Firing (i - inventory. (/) - cycle)
d - 4 sling bullets (quivered)
Press: ? - help, Shift-Dir - straight line, f/p - Grinder
Aim: Grinder You shoot a sling bullet.
The sling bullet closely misses Grinder.
Items here: )) [[ † a +0 short sword; a cursed +0 chain mail; a +4 falchion; a +0 leather armour; an orc corpse Firing (i - inventory. (/) - cycle)
d - 3 sling bullets (quivered)
Press: ? - help, Shift-Dir - straight line, f/p - Grinder
Aim: Grinder You shoot a sling bullet.
The sling bullet hits Grinder but does no damage.
Grinder gestures at you. Pain shoots through your body!
You are too injured to fight recklessly!
Grinder gestures at you. Pain shoots through your body!
You die...

. ###.##........)##
#. ...............##
#.# ...#..........##
#.######..........##
#.................#.
#.................#.
#.#...#############.
#.#...+ #. #.#=..#
#. #()@..+ #.
#(.(.5..#### #.
###.....# ##
......... #
#.#(...... # #
########. .# #


You could see Grinder.

Vanquished Creatures
  Natasha (D:3)
  A gnoll (D:1)
  An adder (D:2)
  A worm (D:2)
  4 dart slugs
  A leopard gecko (D:3)
  5 orcs (D:3)
  A ball python (D:2)
  11 giant cockroaches
  5 goblins
  7 hobgoblins
  4 jackals (D:2)
  2 bats
  A frilled lizard (D:1)
  A kobold (D:1)
46 creatures vanquished.

Notes
Turn   | Place    | Note
-------+----------+-------------------------------------------
     0 | D:1      | Abuh the Halfling Hunter began the quest for the Orb.
     0 | D:1      | Reached XP level 1. HP: 14/14 MP: 1/1
    18 | D:1      | Reached skill level 6 in Slings
    18 | D:1      | Reached XP level 2. HP: 19/19 MP: 2/2
   294 | D:1      | Reached XP level 3. HP: 24/24 MP: 3/3
   801 | D:2      | Found a sparkling altar of Nemelex Xobeh.
   998 | D:2      | Reached XP level 4. HP: 29/29 MP: 4/4
  1751 | D:3      | Noticed Natasha
  1755 | D:3      | Killed Natasha
  1953 | D:3      | Reached XP level 5. HP: 34/34 MP: 5/5
  2120 | D:3      | Noticed Grinder
  2129 | D:3      | Killed from afar by Grinder

Levels and vault maps discovered:
D:1:      ebering_trefoil_3fold, layout_basic
D:2:      minmay_roachtagon, layout_basic, st_stairs_8,
          nemelex_lonely_heart_becter
D:3:      layout_basic, uniq_grinder, uniq_natasha

Skill      XL: |  1  2  3  4 |
---------------+-------------+-----
Slings         | 6 |  6.9
Stealth        | 2 3 4 |  4.5
Fighting       | |  1.7
Dodging        | |  2.1

Action                   |  1- 3 |  4- 6 || total
-------------------------+-------+-------++-------
Melee: Hunting sling     |       |     3 ||     3
 Fire: Hunting sling     |    59 |    78 ||   137
  Use: Scroll            |       |     6 ||     6
  Eat: Chunk             |       |     3 ||     3
Armor: Leather armour    |     4 |    12 ||    16
Dodge: Dodged            |     3 |    35 ||    38

Table legend:
 A = Non-vault XP
 B = Vault XP
 C = Vault XP percentage of total XP
 D = Non-vault monster count
 E = Vault monster count
 F = Vault count percentage of total count
                 A         B        C        D         E       F
            +---------+---------+-------+---------+---------+-------
      Total |     104 |      59 |  36.2 |      35 |      11 |  23.9
            +---------+---------+-------+---------+---------+-------
        D:1 |      39 |       0 |   0.0 |      14 |       0 |   0.0
        D:2 |      38 |      22 |  36.7 |      11 |      10 |  47.6
        D:3 |      27 |      37 |  57.8 |      10 |       1 |   9.1
            +---------+---------+-------+---------+---------+-------
